 Dungeon Crawl Stone Soup version 0.23.2-1-ga50397a6bc (webtiles) character file.

Game seed: 8465703084456717519

184 Acheron the Covered (level 5, -2/40 HPs)
             Began as a Minotaur Wanderer on Apr 20, 2019.
             Killed from afar by an orc wizard (3 damage)
             ... with a puff of flame
             ... on level 3 of the Dungeon.
             The game lasted 00:15:13 (3636 turns).

Acheron the Covered (Minotaur Wanderer)             Turns: 3636, Time: 00:15:14

Health: -2/40      AC:  6    Str: 18    XL:     5   Next: 36%
Magic:  7/7        EV: 10    Int:  7    God:
Gold:   127        SH:  0    Dex: 11    Spells: 6/8 levels left

rFire    . . .     SeeInvis .   u - +0 flail
rCold    . . .     Gourm    .   (no shield)
rNeg     . . .     Faith    .   x - +0 scale mail
rPois    .         Spirit   .   (helmet restricted)
rElec    .         Reflect  .   (no cloak)
rCorr    .         Harm     .   (no gloves)
MR       .....                  (no boots)
Stlth    ..........             (no amulet)
HPRegen  0.13/turn              (no ring)
MPRegen  0.10/turn              (no ring)

@: no status effects
A: retaliatory headbutt, horns 2
a: no special abilities


You were on level 3 of the Dungeon.
You were not hungry.

You visited 1 branch of the dungeon, and saw 4 of its levels.

You collected 127 gold pieces.

Inventory:

Hand Weapons
 a - a +1 club
 i - a +0 short sword
 u - a +0 flail (weapon)
 v - a +2 dagger of speed
 w - a +0 spear
Missiles
 e - 12 poisoned needles
 j - 3 curare-tipped needles
 m - 27 bolts
 r - 52 sling bullets
 s - 36 stones (quivered)
Armour
 d - a +1 robe
 x - a +0 scale mail (worn)
Jewellery
 b - a cursed amulet of inaccuracy {unknown}
 c - an uncursed ring of positive energy {unknown}
 p - a cursed -3 ring of strength {unknown}
 y - an uncursed ring of stealth {unknown}
Scrolls
 n - a scroll of enchant armour
Potions
 h - 3 potions of might
 k - a potion of flight {unknown}
 l - 2 potions of heal wounds {unknown}
 q - a potion of resistance {unknown}
Comestibles
 f - 6 rations


   Skills:
 + Level 1.3 Fighting
 + Level 1.9 Maces & Flails
 + Level 1.1 Throwing
 + Level 2.5 Armour
 * Level 1.6 Dodging
 * Level 2.0 Stealth
   Level 1.2 Shields
 + Level 2.1 Spellcasting
   Level 1.3 Translocations
 + Level 1.5 Air Magic
 + Level 1.6 Earth Magic


You had 6 spell levels left.
You knew the following spells:

 Your Spells              Type           Power        Failure   Level  Hunger
a - Sandblast             Erth           #.....       54%         1    ##.....
b - Shock                 Conj/Air       #...         65%         1    ##.....

Your spell library contained the following spells:

 Spells                   Type           Power        Failure   Level  Hunger
 Blink                    Tloc           N/A          71%         2    ###....
 Shroud of Golubria       Chrm/Tloc      #.........   80%         2    ###....
 Gell's Gravitas          Tloc           #.........   90%         3    ####...
 Lesser Beckoning         Tloc           #.........   90%         3    ####...
 Teleport Other           Tloc           #.......     90%         3    ####...
 Stone Arrow              Conj/Erth      #.....       95%         3    ####...
 Mephitic Cloud           Conj/Pois/Air  #.......     96%         3    ####...
 Passage of Golubria      Tloc           N/A          100%        4    #####..


Dungeon Overview and Level Annotations

Branches:
Dungeon (4/15)
 Temple: D:4-7

Altars:
Sif Muna
Trog

Annotations:
D:3 exclusion: downstairs


Innate Abilities, Weirdness & Mutations

You reflexively headbutt those who attack you in melee.
You have a pair of horns on your head.


Message History

You sock the kobold!
You kill the kobold!
You hear some strange, mumbled words.
A puff of flame appears from out of thin air!
The puff of flame hits you!
* * * LOW HITPOINT WARNING * * *
You sock the orc!
You kill the orc!
You hear some strange, mumbled words.
A magic dart appears from out of thin air!
The magic dart hits you but does no damage.
You miss something. You headbutt something.
You hear some strange, mumbled words.
Something tries to affect you, but you resist.
There are monsters nearby!
You closely miss something.
You hear some strange, mumbled words.
A puff of flame appears from out of thin air!
The puff of flame hits you.
You die...

..........#####.... .####
...........#####.####.#.. .
.....................[.. .# o.
......................#####o .#
#....................o..... ..#
#..............)w....# #.. .o.#
##........###.##oh...# #.# #.o..
#.......... #.##)###.###.# #.....
........... #.##@# #.#...##......
...........##.##(###.g..o.oo.....
......<. ..#..........####.......
.............#.#....### ########
..........#.##.#....#
.........##.#..#....#
....K...............#
...#........).......#
...#.#..........##..#


You could see a worm, an orc and a jackal.

Vanquished Creatures
  2 orc wizards
  3 adders (D:3)
  3 gnolls (D:2)
  An ooze (D:1)
  A dart slug (D:3)
  2 leopard geckos
  6 orcs
  6 bats
  2 giant cockroaches
  9 goblins
  4 hobgoblins
  3 jackals (D:3)
  5 kobolds
  A quokka (D:2)
  3 ball pythons
  3 frilled lizards
  A leopard gecko skeleton (D:3)
  6 rats
61 creatures vanquished.

Vanquished Creatures (others)
  4 toadstools (D:1)
4 creatures vanquished.

Grand Total: 65 creatures vanquished

Notes
Turn   | Place    | Note
-------+----------+-------------------------------------------
     0 | D:1      | Acheron the Minotaur Wanderer began the quest for the Orb.
     0 | D:1      | Acheron set off with the following items: a +0 club, a +0
                  | robe, a ration; and the following spells available to
                  | memorise: Sandblast, Shock, Blink, Shroud of Golubria,
                  | Gell's Gravitas, Lesser Beckoning, Teleport Other, Stone
                  | Arrow, Mephitic Cloud, Passage of Golubria
     0 | D:1      | Reached XP level 1. HP: 14/14 MP: 1/1
     2 | D:1      | Learned a level 1 spell: Sandblast
     4 | D:1      | Learned a level 1 spell: Shock
   380 | D:1      | Reached skill level 1 in Stealth
   397 | D:2      | Found a bloodstained altar of Trog.
   438 | D:1      | Reached XP level 2. HP: 19/20 MP: 1/3
  1330 | D:4      | Noticed a scorpion
  1376 | D:3      | Reached XP level 3. HP: 14/26 MP: 3/5
  1969 | D:3      | Reached skill level 1 in Armour
  2013 | D:2      | Found a deep blue altar of Sif Muna.
  2764 | D:2      | Reached XP level 4. HP: 32/34 MP: 6/6
  2825 | D:2      | Reached skill level 1 in Dodging
  2959 | D:2      | Reached skill level 1 in Maces & Flails
  3476 | D:3      | Reached skill level 1 in Fighting
  3606 | D:3      | Reached XP level 5. HP: 34/40 MP: 7/7
  3633 | D:3      | HP: 1/40 [something/puff of flame (9)]
  3636 | D:3      | Killed from afar by an orc wizard

Skill      XL: |  1  2  3  4  5 |
---------------+----------------+-----
Stealth        | 1 2 |  2.0
Spellcasting   | 2 |  2.1
Armour         | 1 2 |  2.5
Dodging        | 1 |  1.6
Maces & Flails | 1 |  1.9
Fighting       | 1 |  1.3
Throwing       | |  1.1
Shields        | |  1.2
Translocations | |  1.3
Air Magic      | |  1.5
Earth Magic    | |  1.6

Action                   |  1- 3 |  4- 6 || total
-------------------------+-------+-------++-------
Melee: Club              |   113 |     5 ||   118
       Headbutt          |    18 |    15 ||    33
       Flail             |       |    56 ||    56
  Use: Scroll            |     7 |       ||     7
  Eat: Chunk             |     3 |       ||     3
       Ration            |     1 |     1 ||     2
Armor: Robe              |     7 |       ||     7
       Leather armour    |    10 |       ||    10
       Ring mail         |    19 |     2 ||    21
       Scale mail        |       |    22 ||    22
       Chain mail        |       |    10 ||    10
Dodge: Dodged            |    74 |    31 ||   105
